 Dungeon Crawl Stone Soup version 0.32-a0-646-g91cf321817 (webtiles) character file.

Game seed: 8553509631755005788

134411 jdvbjdbfj the Tortoise (level 16, -16/249 HPs)
             Began as a Minotaur Fighter on Mar 8, 2024.
             Was the Champion of Okawaru.
             Demolished by Rupert
             ... wielding a +0 great mace of distortion
              (26 damage)
             ... on level 5 of the Lair of Beasts.
             The game lasted 00:47:00 (19715 turns).

jdvbjdbfj the Tortoise (Minotaur Fighter)          Turns: 19715, Time: 00:47:00

Health: -16/249    AC: 35    Str: 27    XL:     16   Next: 62%
Magic:  13/15      EV:  2    Int:  5    God:    Okawaru [******]
Gold:   2156       SH: 12    Dex: 12    Spells: 12/15 levels left

rFire   + . .        r - +3 broad axe (elec)
rCold   . . .        n - +3 buckler {AC+3}
rNeg    . . .        q - melded +2 chain mail {rPois}
rPois   +            I - melded +0 hat of the Harvest {Will+ Str+3 SInv}
rElec   .            c - melded +2 cloak
rCorr   .            E - melded +2 pair of gloves {Stlth+}
SInv    .            (boots currently unavailable)
Will    +....        m - amulet of regeneration
Stlth   +            f - ring of protection from fire
HPRegen 1.41/turn    R - +4 ring of protection
MPRegen 0.14/turn

%: no passive effects
@: on fire, tree-form, heroic, hasted, glowing, very quick
A: stationary, stasis, torment immunity, boosted hp, (horns 2), (retaliatory
headbutt), (fangs 1), robust 1, (heat vulnerability 1)
a: Renounce Religion, Heroism, Finesse, Duel


You were on level 5 of the Lair of Beasts.
You worshipped Okawaru.
Okawaru was exalted by your worship.
You were a tree.
You visited 2 branches of the dungeon, and saw 19 of its levels.
You visited the Abyss 2 times.
You also visited: Sewer, Ossuary, Bailey and Ice Cave.

You collected 2444 gold pieces.
You spent 288 gold pieces at shops.

Inventory:

Hand Weapons
 a - a +3 war axe of draining
 r - a +3 broad axe of electrocution (weapon)
 D - a +0 broad axe of protection
 H - a +3 war axe of flaming
Missiles
 u - 3 throwing nets (quivered)
Armour
 c - a +2 cloak (melded)
 n - a +3 buckler of protection (worn)
 q - a +2 chain mail of poison resistance (melded)
 E - a +2 pair of gloves of stealth (melded)
 I - the +0 hat of the Harvest (melded) {Will+ Str+3 SInv}
   (Okawaru gifted it to you on level 12 of the Dungeon)

   Str+3:     It affects your strength (+3).
   Will+:     It increases your willpower.
   SInv:      It lets you see invisible.
Jewellery
 d - an amulet of the acrobat
 f - a ring of protection from fire (left branch)
 m - an amulet of regeneration (around neck)
 y - a ring of fire
 F - a ring of flight
 L - a ring of see invisible
 R - a +4 ring of protection (right branch)
Wands
 i - a wand of flame (39)
 p - a wand of iceblast (32)
 K - a wand of polymorph (2)
 O - a wand of mindburst (13)
 Q - a wand of quicksilver (5)
Scrolls
 b - 6 scrolls of fear
 e - 10 scrolls of teleportation
 k - a scroll of poison
 s - 4 scrolls of fog
 M - a scroll of silence
 N - 8 scrolls of identify
 P - a scroll of immolation
Potions
 h - 2 potions of ambrosia
 j - 6 potions of lignification
 l - 3 potions of haste
 t - 10 potions of mutation
 v - 7 potions of curing
 w - 4 potions of enlightenment
 z - 5 potions of attraction
 G - a potion of cancellation


   Skills:
 + Level 16.0(21.0) Fighting
 + Level 15.8(20.8) Axes
 + Level 19.3(24.3) Armour
 + Level 14.3(19.3) Dodging
 + Level 16.0(21.0) Shields


You had 12 spell levels left.
You knew the following spells:

 Your Spells              Type           Power      Damage    Failure   Level
a - Passwall              Erth           0%         N/A       86%         3

Your spell library contained the following spells:

 Spells                   Type           Power      Damage    Failure   Level
 Magic Dart               Conj           0%         1d3       50%         1
 Sting                    Conj/Alch      0%         1d3       50%         1
 Blink                    Tloc           0%         N/A       63%         2
 Ensorcelled Hibernation  Hex/Ice        0%         N/A       63%         2
 Mercury Vapours          Alch/Air       0%         N/A       63%         2
 Searing Ray              Conj           0%         2d4       63%         2
 Gell's Gravitas          Tloc           0%         N/A       86%         3
 Swiftness                Air            0%         N/A       86%         3
 Teleport Other           Tloc           0%         N/A       86%         3
 Cause Fear               Hex            0%         N/A       99%         4
 Fulminant Prism          Conj/Alch      0%         3d5       99%         4
 Olgreb's Toxic Radiance  Alch           0%         N/A       99%         4
 Fireball                 Conj/Fire      0%         3d3       100%        5
 Dispersal                Tloc           0%         N/A       100%        6
 Orb of Destruction       Conj           0%         9d5       100%        7
 Ozocubu's Refrigeration  Ice            0%         4d7       100%        7
 Polar Vortex             Ice            0%         N/A       100%        9
 Call Imp                 Summ           Unusable   N/A       N/A         2
 Summon Blazeheart Golem  Fire/Summ      Unusable   N/A       N/A         4
 Sculpt Simulacrum        Ice/Alch       Unusable   N/A       N/A         6
 Spellforged Servitor     Conj/Summ      Unusable   N/A       N/A         7
 Dragon's Call            Summ           Unusable   N/A       N/A         9

Dungeon Overview and Level Annotations

Branches:
Dungeon (14/15)            Temple (0/1) D:6            Lair (5/5) D:8
  Swamp (0/4) Lair:3       Spider (0/4) Lair:3        Slime (0/5) Lair:4
    Orc (0/2) D:12         Vaults (0/5) D:14          Sewer (visited)
Ossuary (visited)          Bailey (visited)           IceCv (visited)

Altars:
Ashenzari
Dithmenos
Elyvilon
Fedhas
Kikubaaqudgha
Makhleb
Nemelex Xobeh
Okawaru
Sif Muna
Trog
Xom
Zin
Lugonu

Shops:
D:4 [   D:8 *   D:10 (

Portals:
Abyss: Lair:5
Trove: D:12 (give +4 shadow dragon scales)

Annotations:
Lair:5 Rupert


Innate Abilities, Weirdness & Mutations

You are a tree.
Your roots penetrate the ground, keeping you stationary.
You cannot be teleported.
You are immune to unholy pain and torment.
Your maximum health is greatly increased.
Your equipment is partially melded.
((You have a pair of horns on your head.))
((You reflexively headbutt those who attack you in melee.))
((You have very sharp teeth.))
You are robust. (+10% HP)
((You are vulnerable to heat. (rF-)))


Message History

* * * LOW HITPOINT WARNING * * *
Unknown command.
You slash Rupert!
Rupert is lightly wounded.
You barely miss the smoke demon. The liquid fire burns you!
* * * LOW HITPOINT WARNING * * *
Rupert hits you with a +0 great mace of distortion!!
* * * LOW HITPOINT WARNING * * *
Space warps around you.
* * * LOW HITPOINT WARNING * * *
The smoke demon hits you but does no damage. x3
Unknown command.
You hit Rupert. Lightning courses through Rupert!
Rupert is moderately wounded.
You slash the smoke demon!
Lightning courses through the smoke demon!
You kill the smoke demon!
Okawaru accepts your kill. The liquid fire burns you!
* * * LOW HITPOINT WARNING * * *
Rupert hits you with a +0 great mace of distortion!
* * * LOW HITPOINT WARNING * * *
Space warps horribly around you!
* * * LOW HITPOINT WARNING * * *
Your base Shields skill increases to level 16!
Unknown command.
You feel better. The liquid fire burns you!
* * * LOW HITPOINT WARNING * * *
Rupert hits you with a +0 great mace of distortion.
* * * LOW HITPOINT WARNING * * *
Space warps horribly around you!!
* * * LOW HITPOINT WARNING * * *
You feel better. The liquid fire burns you!
* * * LOW HITPOINT WARNING * * *
Rupert hits you with a +0 great mace of distortion!!
You die...
Rupert roars with triumph.

.♣♣....♣♣#.♣♣..♣..♣..............
♣♣♣♣♣♣♣♣ ♣♣♣♣♣♣♣♣♣♣♣♣............
♣.♣♣♣♣.....##.....
###############..♣♣.♣♣♣.#####...
#.÷.['..#.....#§.♣♣♣.♣♣♣####....
#....#..'.....#§§♣♣.♣♣ ♣♣#......
#...?#..###'###§.♣♣♣.♣♣♣........
###'##..#.....#@.♣..♣.♣♣...###..
#÷...#..#.....'♣§.♣..♣.♣#####...
#..@[#..#.....#§§§♣♣♣.♣♣♣♣.#..÷.
#....#..#.....#§.§♣♣.♣♣♣#.###...
###############..♣♣.♣♣♣.........
♣ ♣♣♣♣♣♣............ ♣
♣♣♣♣♣♣♣...P....#P.. ♣
♣♣♣♣♣♣♣♣P♣♣.#♣♣........... ♣♣#♣#
#............♣♣......#.#.. ....##
#........###..#.....#####.


You could see Rupert (berserk).

Vanquished Creatures
  A bone dragon (Abyss:4)
  Frances (D:14)
  4 tentacled starspawn
  A daeva (Abyss:4)
  A revenant (Abyss:3)
  A cacodemon (Abyss:3)
  The ghost of ouz the Skirmisher, a journeyman CoHu of Cheibriados (Lair:5)
  2 stone giants (D:10)
  A reaper (IceCv)
  Josephine (D:12)
  13 hydras
  Harold (Lair:2)
  A great orb of eyes (D:10)
  3 boulder beetles
  4 two-headed ogres
  2 centaur warriors (D:14)
  A two-headed ogre (shapeshifter) (D:14)
  A demonic crawler (Abyss:3)
  Urug (D:10)
  5 thrashing horrors
  An orc high priest (Bailey)
  A wretched star (Abyss:3)
  2 skysharks
  3 sixfirhies (Abyss:3)
  A goliath frog (Lair:3)
  A pharaoh ant (Lair:3)
  A lindwurm (Lair:5)
  A phantasmal warrior (D:14)
  An orc knight (Bailey)
  Pikel (D:7)
  A necromancer (Abyss:4)
  A manticore (D:12)
  5 cyclopes
  2 large abominations (Abyss:4)
  An orc sorcerer (Bailey)
  4 ugly things
  5 elephants (Lair:5)
  3 meliai (D:14)
  Joseph (D:9)
  2 ice statues (IceCv)
  A meliai (shapeshifter) (Abyss:4)
  A dire elephant zombie (Abyss:4)
  A black mamba (Lair:2)
  An apocalypse crab (Abyss:3)
  Maggie (D:9)
  6 smoke demons
  11 cane toads
  An unseen horror (D:13)
  A freezing wraith (IceCv)
  4 rime drakes
  An efreet (Abyss:4)
  An ancient zyme (Abyss:4)
  9 komodo dragons
  2 anaconda simulacra (IceCv)
  8 ice devils (IceCv)
  A harpy zombie (Abyss:4)
  A hellwing (Abyss:3)
  4 trolls
  4 polar bears (Lair:4)
  A polar bear (shapeshifter) (Lair:5)
  15 raiju
  9 dream sheep
  22 blink frogs
  4 slime creatures (D:13)
  A centaur simulacrum (D:10)
  2 vampires (D:11)
  3 ynoxinuls
  8 wraiths
  A shadow (Abyss:3)
  3 fire bats (Abyss:4)
  6 wyverns
  43 yaks
  4 basilisks
  A human (Lair:5)
  17 vampire mosquitoes
  A steam dragon (D:6)
  A redback (Lair:3)
  4 chaos spawn
  A death yak simulacrum (IceCv)
  A neqoxec (Abyss:3)
  A harpy simulacrum (IceCv)
  15 water moccasins
  Edmund (D:6)
  2 acid dragons
  15 orc warriors
  A naga skeleton (Abyss:4)
  2 swamp drakes
  Pargi (Sewer)
  An ice beast (D:7)
  4 ogres
  4 black bears
  14 small abominations
  18 wolves
  A lemure (D:7)
  11 centaurs
  2 kobold brigands
  A phantom (D:4)
  9 bullfrogs
  Blork the orc (D:5)
  2 gnoll sergeants
  2 two-headed ogre simulacra (IceCv)
  11 scorpions
  A scorpion (shapeshifter) (D:14)
  9 wights
  A cane toad simulacrum (IceCv)
  An elephant simulacrum (IceCv)
  7 electric eels
  A howler monkey (D:11)
  2 bombardier beetles
  2 centaur zombies (Ossuary)
  10 hounds
  Crazy Yiuf (D:4)
  12 orc priests
  2 gnoll boudas
  2 human zombies (Ossuary)
  5 jellies
  2 iguanas
  22 orc wizards
  3 troll simulacra (IceCv)
  3 scorpion zombies (Ossuary)
  A polar bear simulacrum (IceCv)
  2 spriggan simulacra (IceCv)
  A wolf simulacrum (IceCv)
  4 mummies
  24 gnolls
  4 naga simulacra (IceCv)
  9 adders
  A shadow imp (D:6)
  2 white imps
  5 ufetubi
  3 adder zombies (Ossuary)
  2 dart slugs
  4 ribbon worms
  60 orcs
  12 endoplasms
  5 giant cockroaches
  2 gnoll zombies (Ossuary)
  11 goblins
  5 hobgoblins
  4 jackals (Sewer)
  12 kobolds
  6 quokkas
  3 ball pythons
  2 ball python zombies (Ossuary)
  A bat (D:1)
  2 frilled lizards
  A goblin zombie (D:7)
  3 orc zombies
  6 rats
  5 starspawn tentacles (Abyss:3)
698 creatures vanquished.

Vanquished Creatures (others)
  A hobgoblin (Bailey)
  4 starspawn tentacles (Abyss:4)
5 creatures vanquished.

Grand Total: 703 creatures vanquished

Notes
Turn   | Place    | Note
-------+----------+-------------------------------------------
     0 | D:1      | jdvbjdbfj the Minotaur Fighter began the quest for the Orb.
     0 | D:1      | Reached XP level 1. HP: 19/19 MP: 0/0
   266 | D:1      | Reached XP level 2. HP: 27/27 MP: 1/1
   695 | D:1      | Found a faded altar of an unknown god.
   788 | D:2      | Reached skill level 1 in Dodging
   929 | D:2      | Reached skill level 4 in Armour
   937 | D:2      | Reached XP level 3. HP: 33/33 MP: 2/2
  1419 | D:3      | Identified a scroll of acquirement
  1419 | D:3      | Acquired 868 gold pieces
  1565 | D:3      | Noticed a centaur
  1577 | D:3      | Killed a centaur
  1578 | D:3      | Reached XP level 4. HP: 26/41 MP: 3/3
  1684 | D:3      | Reached XP level 5. HP: 47/47 MP: 4/4
  1733 | D:3      | Found a glowing drain.
  1737 | Sewer    | Entered a sewer
  1818 | Sewer    | Noticed Pargi
  1828 | Sewer    | Killed Pargi
  1954 | D:3      | Reached XP level 6. HP: 53/55 MP: 5/5
  1985 | D:3      | Reached skill level 5 in Fighting
  1985 | D:3      | Reached skill level 5 in Armour
  2221 | D:4      | Found a shadowy altar of Dithmenos.
  2331 | D:4      | Gained mutation: You have very sharp teeth. [potion of
                  | mutation]
  2350 | D:4      | Found a white marble altar of Elyvilon.
  2384 | D:4      | Reached skill level 5 in Shields
  2430 | D:4      | Found a shimmering blue altar of Sif Muna.
  2435 | D:4      | Found a sparkling altar of Nemelex Xobeh.
  2436 | D:4      | Found a broken altar of Ashenzari.
  2438 | D:4      | Found an ancient bone altar of Kikubaaqudgha.
  2438 | D:4      | Found an iron altar of Okawaru.
  2439 | D:4      | Found a shimmering altar of Xom.
  2449 | D:4      | Found a blossoming altar of Fedhas.
  2453 | D:4      | Became a worshipper of Warmaster Okawaru
  2537 | D:4      | Found Mered's Antique Armour Shoppe.
  2546 | D:4      | Bought a runed buckler for 240 gold pieces
  2579 | D:4      | Found a runed translucent door.
  2580 | D:4      | Noticed Crazy Yiuf
  2589 | D:4      | Killed Crazy Yiuf
  2590 | D:4      | Reached XP level 7. HP: 46/61 MP: 6/6
  2957 | D:5      | Entered Level 5 of the Dungeon
  3090 | D:5      | Noticed Blork the orc
  3095 | D:5      | Killed Blork the orc
  3209 | D:5      | Reached skill level 5 in Axes
  3228 | D:5      | Reached skill level 6 in Armour
  3259 | D:5      | Reached * piety under Okawaru
  3260 | D:5      | Reached XP level 8. HP: 62/70 MP: 7/7
  3815 | D:6      | Found a staircase to the Ecumenical Temple.
  3989 | D:6      | Found a burning altar of Makhleb.
  4033 | D:6      | Reached skill level 5 in Dodging
  4040 | D:6      | Reached ** piety under Okawaru
  4041 | D:6      | Reached skill level 7 in Armour
  4298 | D:6      | Noticed Edmund
  4309 | D:6      | Killed Edmund
  4310 | D:6      | Reached XP level 9. HP: 67/76 MP: 8/8
  4881 | D:7      | Reached *** piety under Okawaru
  4972 | D:7      | Found a sand-covered staircase.
  4978 | Ossuary  | Entered an ossuary
  5093 | Ossuary  | Reached skill level 8 in Armour
  5331 | D:7      | Noticed Pikel
  5350 | D:7      | Killed Pikel
  5485 | D:7      | Found a glowing silver altar of Zin.
  5489 | D:7      | Reached **** piety under Okawaru
  5864 | D:8      | Noticed a troll
  5880 | D:8      | Killed a troll
  5881 | D:8      | Reached XP level 10. HP: 86/90 MP: 9/9
  6185 | D:8      | Found a staircase to the Lair.
  6315 | D:8      | Found Qifogore's General Store.
  6320 | D:8      | Bought a potion of curing for 48 gold pieces
  6561 | D:8      | Found a bloodstained altar of Trog.
  6579 | D:8      | Reached skill level 9 in Armour
  6904 | D:9      | Noticed Maggie
  6913 | D:9      | Killed Maggie
  6955 | D:9      | Noticed Joseph
  6966 | D:9      | Killed Joseph
  6966 | D:9      | Reached ***** piety under Okawaru
  7319 | D:9      | Received a gift from Okawaru
  7668 | D:10     | Entered Level 10 of the Dungeon
  7668 | D:10     | Found Wociwk's Antique Weapon Boutique.
  7737 | D:10     | Noticed Urug
  7777 | D:10     | Killed Urug
  7778 | D:10     | Reached XP level 11. HP: 51/99 MP: 10/10
  7844 | D:10     | Noticed a two-headed ogre
  7852 | D:10     | Killed a two-headed ogre
  7853 | D:10     | Reached skill level 10 in Fighting
  7853 | D:10     | Reached skill level 10 in Armour
  7853 | D:10     | Reached skill level 10 in Shields
  7872 | D:10     | Found a flagged portal.
  7884 | Bailey   | Entered a bailey
  8108 | Bailey   | Noticed an orc knight
  8121 | Bailey   | Killed an orc knight
  8229 | Bailey   | Received a gift from Okawaru
  8234 | Bailey   | Acquired a manual of Armour
  8306 | Bailey   | Found an iron altar of Okawaru.
  8306 | Bailey   | Noticed an orc high priest
  8306 | Bailey   | Noticed an orc sorcerer
  8314 | Bailey   | Killed an orc sorcerer
  8315 | Bailey   | Reached skill level 10 in Axes
  8318 | Bailey   | Killed an orc high priest
  8342 | Bailey   | Identified the +2 scale mail of Fortitude {rC- rCorr Str+3}
  8997 | D:10     | Reached skill level 11 in Armour
  9131 | D:10     | Noticed a boulder beetle
  9156 | D:10     | Killed a boulder beetle
  9156 | D:10     | Received a gift from Okawaru
  9328 | D:10     | Noticed a stone giant
  9334 | D:10     | Killed a stone giant
  9363 | D:10     | Noticed a great orb of eyes
  9363 | D:10     | Noticed a stone giant
  9377 | D:10     | HP: 2/102 [stone giant (22)]
  9743 | D:10     | Killed a great orb of eyes
  9744 | D:10     | Reached skill level 12 in Armour
  9985 | D:10     | Killed a stone giant
  9986 | D:10     | Reached XP level 12. HP: 84/110 MP: 11/11
 10087 | D:11     | Received a gift from Okawaru
 10359 | D:11     | Identified the +0 ring mail "Diarrego" {Rampage rElec
                  | Str-5}
 10968 | D:12     | Noticed Josephine
 10997 | D:12     | Killed Josephine
 10998 | D:12     | Reached skill level 10 in Dodging
 11180 | D:12     | Found a portal to a secret trove of treasure.
 11263 | D:12     | Noticed a two-headed ogre
 11273 | D:12     | Killed a two-headed ogre
 11273 | D:12     | Reached ****** piety under Okawaru
 11274 | D:12     | Reached skill level 13 in Armour
 11274 | D:12     | Acquired a +3 war axe of flaming
 11274 | D:12     | Received a gift from Okawaru
 11276 | D:12     | Acquired the +0 hat of the Harvest {Will+ Str+3 SInv}
 11276 | D:12     | Received a gift from Okawaru
 11403 | D:12     | Noticed a two-headed ogre
 11412 | D:12     | Killed a two-headed ogre
 11527 | D:12     | Received a gift from Okawaru
 11815 | D:12     | Found a staircase to the Orcish Mines.
 12158 | D:13     | Received a gift from Okawaru
 12214 | D:13     | Reached skill level 14 in Armour
 12235 | D:13     | Noticed a two-headed ogre
 12241 | D:13     | Killed a two-headed ogre
 12666 | D:14     | Noticed a boulder beetle
 12682 | D:14     | Killed a boulder beetle
 12710 | D:14     | Noticed an eight-headed hydra
 12716 | D:14     | Noticed a two-headed ogre
 12717 | D:14     | Killed a five-headed hydra
 12722 | D:14     | Reached XP level 13. HP: 91/119 MP: 12/12
 12805 | D:14     | Found a gate to the Vaults.
 12964 | D:14     | Received a gift from Okawaru
 13232 | D:14     | Noticed Frances
 13252 | D:14     | Killed Frances
 13502 | D:14     | Learned a level 3 spell: Passwall
 13681 | D:14     | Reached skill level 15 in Armour
 13842 | Lair:1   | Entered Level 1 of the Lair of Beasts
 13918 | Lair:1   | Received a gift from Okawaru
 13924 | Lair:1   | Identified the +4 halberd of Melee {pain, rF++ Will- Dex+6}
 14880 | Lair:2   | Received a gift from Okawaru
 14954 | Lair:2   | Reached skill level 16 in Armour
 15233 | Lair:2   | Noticed Harold
 15241 | Lair:2   | Killed Harold
 15788 | Lair:3   | Received a gift from Okawaru
 15796 | Lair:3   | Reached XP level 14. HP: 123/129 MP: 13/13
 16136 | Lair:3   | Found a hole to the Spider Nest.
 16213 | Lair:3   | Received a gift from Okawaru
 16456 | Lair:3   | Found a staircase to the Swamp.
 16900 | Lair:4   | Reached skill level 17 in Armour
 16974 | Lair:4   | Found a staircase to the Slime Pits.
 17115 | Lair:4   | You fall into a shaft and drop 1 floor!
 17115 | Lair:5   | Entered Level 5 of the Lair of Beasts
 17115 | Lair:5   | Found a frozen archway.
 17123 | IceCv    | Entered an ice cave
 17444 | IceCv    | Received a gift from Okawaru
 17450 | IceCv    | Noticed a reaper
 17462 | IceCv    | Killed a reaper
 17876 | Lair:5   | Received a gift from Okawaru
 18032 | Lair:5   | Reached skill level 18 in Armour
 18043 | Lair:5   | Identified the maw talisman of the Devil {rF+ Will++ Str+2
                  | Dex+2}
 18150 | Lair:5   | Found a corrupted altar of Lugonu.
 18150 | Lair:5   | Found a one-way gate to the infinite horrors of the Abyss.
 18233 | Lair:5   | Reached XP level 15. HP: 139/139 MP: 14/14
 18233 | Lair:5   | Reached skill level 15 in Fighting
 18233 | Lair:5   | Reached skill level 15 in Shields
 18233 | Lair:5   | Reached XP level 16. HP: 149/149 MP: 15/15
 18261 | Lair:5   | Received a gift from Okawaru
 18262 | Lair:5   | Reached skill level 15 in Axes
 18527 | Lair:5   | Found a runed translucent door.
 18527 | Lair:5   | Noticed Rupert
 18713 | Lair:5   | Found a runed translucent gate.
 18713 | Lair:5   | Found a runed translucent gate.
 18713 | Lair:5   | Noticed ouz's ghost (journeyman CoHu)
 18714 | Lair:5   | Found a runed translucent gate.
 18760 | Lair:5   | Killed ouz's ghost
 19047 | Lair:5   | Identified the +5 plate armour of the Apothecary {rC++}
 19053 | Abyss:3  | Cast into level 3 of the Abyss (Rupert)
 19098 | Abyss:3  | Noticed a tentacled starspawn
 19107 | Abyss:3  | Killed a tentacled starspawn
 19189 | Abyss:3  | Gained mutation: You are robust. (+10% HP) [a neqoxec]
 19224 | Abyss:3  | Reached skill level 19 in Armour
 19227 | Abyss:3  | Noticed a tentacled starspawn
 19238 | Abyss:3  | Killed a tentacled starspawn
 19242 | Abyss:3  | Gained mutation: You are vulnerable to heat. (rF-) [a
                  | cacodemon]
 19264 | Lair:5   | Escaped the Abyss
 19389 | Abyss:4  | Cast into level 4 of the Abyss (Rupert)
 19402 | Abyss:4  | Noticed a bone dragon
 19424 | Abyss:4  | Killed a bone dragon
 19542 | Abyss:4  | Received a gift from Okawaru
 19683 | Abyss:4  | Noticed a tentacled starspawn
 19684 | Abyss:4  | Noticed a tentacled starspawn
 19697 | Abyss:4  | Killed a tentacled starspawn
 19702 | Abyss:4  | Killed a tentacled starspawn
 19705 | Lair:5   | Escaped the Abyss
 19714 | Lair:5   | HP: 2/249 [Rupert/+0 great mace of distortion (19)]
 19715 | Lair:5   | Demolished by Rupert

Illustrated notes

Levels and vault maps discovered:
D:1:      minmay_arrival_semitransparent, layout_loops_ring,
          hellmonk_ecumenical_altar_leap_of_faith, amethyst_killhole,
          chequers_serial_rivers_micro_b, minivault_14,
          nicolae_figureground_sparkle
D:2:      layout_loops_cross, hangedman_abyss_or_decor_lesser_grid
D:3:      layout_rooms, gup_sewer_entry_spiral, chequers_serial_rivers_micro_c
D:4:      layout_rooms, nicolae_dithmenos_shadow_blocks, lemuel_tele_altar,
          nicolae_overflow_hallway_of_the_gods, serial_shops, shop,
          uniq_crazy_yiuf_cottage
D:5:      layout_loops_ring, st_stairs_10, due_unseen_surprise,
          uniq_blork_the_orc
D:6:      layout_cave_pools, makhleb_heckhound_becter,
          minmay_temple_entry_proselytizer, minmay_misc_feat_rugged,
          nicolae_elevator_lobby_plus, uniq_edmund
D:7:      layout_basic, zin_academy, nicolae_ossuary_entry_giza, uniq_pikel
D:8:      layout_loops_cross, trog_antimagical, erik_lair_island, serial_shops,
          shop
D:9:      layout_long_grid, uniq_joseph, uniq_maggie
D:10:     minmay_sliced_demisemicircle, layout_irregular_city, enter_bailey_4,
          serial_shops, nicolae_stop_n_shop_2, uniq_urug
D:11:     layout_stronghold
D:12:     layout_loops_cross, david_orc_4, nicolae_trove_entry_columns, pond,
          uniq_josephine
D:13:     layout_irregular_city
D:14:     layout_stronghold, david_vaults_4, uniq_frances
Lair:1:   layout_chaotic_city, lemuel_fruit_tree
Lair:2:   layout_cave_pods, serial_forest, infiniplex_forest_lined_room_2,
          infiniplex_forest_side_room, infiniplex_forest_straight_4,
          infiniplex_forest_lined_ring, infiniplex_forest_end_double,
          infiniplex_forest_corner_1, cheibrodos_lair_reptile_den,
          grunt_megastairs_5, uniq_harold
Lair:3:   layout_concentric_octagons, mainiacjoe_swamp_entry_lozenge_pond,
          nicolae_spider_entry_lesser_pyramids, grunt_megastairs_1
Lair:4:   layout_small_grid, nicolae_slime_entry_slimehenge,
          cheibrodos_lair_lostbears, serial_bayou_shore_b
Lair:5:   hellmonk_lair_end_abyssal_woods, layout_loops_ring,
          portal_ice_cave_entry_pillars_1, gammafunk_ghost_hydra_chop,
          chequers_serial_rivers_small_a, pdpol_lair_cabin_in_the_woods

Skill      XL: |  1  2  3  4  5  6  7  8  9 10 11 12 13 14 15 16 |
---------------+-------------------------------------------------+-----
Dodging        | 1 2 3 4 5 6 8 9 10 12 13 14 | 14.3
Armour         | 4 5 6 7 8 9 12 14 16 18 19 | 19.3
Shields        | 4 5 6 7 8 9 11 12 13 14 15 16 | 16.0
Fighting       | 4 5 6 7 8 9 11 12 13 14 15 16 | 16.0
Axes           | 3 4 5 6 8 9 10 12 13 14 15 | 15.8

Action                     |  1- 3 |  4- 6 |  7- 9 | 10-12 | 13-15 | 16-18 || total
---------------------------+-------+-------+-------+-------+-------+-------++-------
  Melee: War axe           |    82 |   103 |   257 |   572 |   628 |   364 ||  2006
         Headbutt          |     4 |     7 |    52 |   127 |   160 |   102 ||   452
         Bite              |       |     2 |    22 |    62 |    72 |    46 ||   204
         Broad axe         |       |       |       |       |       |     4 ||     4
 Invoke: Receive Weapon    |       |       |       |     1 |       |       ||     1
         Receive Armour    |       |       |       |     1 |       |       ||     1
         Heroism           |       |       |       |       |     2 |     4 ||     6
  Evoke: Wand              |       |       |     1 |    11 |       |       ||    12
    Use: Scroll            |    11 |     6 |     9 |    12 |     3 |     1 ||    42
         Potion            |       |     4 |       |     7 |     3 |    13 ||    27
   Stab: Invisible         |       |       |       |     6 |       |       ||     6
         Distracted        |       |       |       |       |       |     1 ||     1
 Armour: Scale mail        |    74 |    93 |   137 |       |       |       ||   304
         Skin              |       |    14 |       |     4 |       |    10 ||    28
         Chain mail        |       |       |     8 |   285 |   396 |   273 ||   962
  Dodge: Dodged            |    34 |    38 |   151 |   275 |   337 |   195 ||  1030
  Block: Buckler           |    22 |    35 |    92 |   229 |   324 |   168 ||   870

Table legend: (Time is in decaauts)
 A = Elapsed time spent in this place.
 B = Non-inter-level travel time spent in this place.
 C = Inter-level travel time spent in this place.
 D = Time resting spent in this place.
 E = Time spent auto-exploring this place.
 F = Levels seen in this place.
 G = Mean time per level.
                   A        B        C        D        E       F      G
               +--------+--------+--------+--------+--------+-----+--------+
         Total |  19715 |  19181 |    534 |    355 |  14239 |  25 |  788.6 |
       Dungeon |  12812 |  12375 |    437 |    196 |   9604 |  14 |  915.1 |
          Lair |   4737 |   4641 |     96 |    150 |   3551 |   5 |  947.4 |
         Abyss |    457 |    457 |      0 |      0 |    181 |   2 |  228.5 |
         Sewer |    163 |    163 |      0 |      0 |     95 |   1 |  163.0 |
       Ossuary |    338 |    338 |      0 |      0 |    152 |   1 |  338.0 |
        Bailey |    719 |    719 |      0 |      5 |    395 |   1 |  719.0 |
      Ice Cave |    487 |    487 |      0 |      3 |    260 |   1 |  487.0 |
               +--------+--------+--------+--------+--------+-----+--------+

Top non-repeatable levels by time:
    D:10: 1658 daAuts
  Lair:5: 1503 daAuts
  Lair:2: 1226 daAuts
  Lair:3: 1078 daAuts
     D:6: 1066 daAuts
    D:12: 1062 daAuts
    D:14: 1059 daAuts
     D:9: 1005 daAuts
    D:11: 966 daAuts
     D:8: 872 daAuts
     D:5: 849 daAuts
     D:1: 792 daAuts
     D:4: 757 daAuts
  Bailey: 719 daAuts
     D:3: 715 daAuts
